 Dungeon Sprint DCSS version 0.30-a0-862-g1aabd4f9c5 (webtiles) character file.

Game seed: 16504620314217362450

274 BigDaddyOpFi the Cleaver (level 8, 0/83 HPs)
             Began as a Hill Orc Fighter on Mar 8, 2023.
             Was an Elder of Wu Jian.
             Succumbed to Aizul's poison arrow
             ... in the Dungeon (Sprint VI: "Thunderdome").
             The game lasted 00:03:12 (541 turns).

BigDaddyOpFi the Cleaver (Hill Orc Fighter)          Turns: 541, Time: 00:03:13

Health: 0/83       AC: 14    Str: 27    XL:     8   Next: 75%
Magic:  8/8        EV:  8    Int:  8    God:    Wu Jian [****..]
Gold:   47         SH:  7    Dex: 19    Spells: 7/7 levels left

rFire   . . .      SeeInvis .    q - +0 broad axe (protect)
rCold   . . .      Faith    .    c - +0 buckler
rNeg    + + .      Spirit   .    a - +0 chain mail
rPois   +          Reflect  .    (no helmet)
rElec   .          Rampage  .    e - +0 cloak
rCorr   +          NoTele   +    b - +0 pair of gloves
Will    .....                    (no boots) Stlth
                                 i - amulet "Ymougeh" {Acrobat Dex+4 Slay+5}
HPRegen 0.33/turn                o - ring "Kuodo" {rPois Dex+5}
MPRegen 0.11/turn                p - ring "Senaem" {rN++ rCorr Str+6}

@: mighty, lethally poisoned (0 -> -2)
A: no striking features
a: Renounce Religion, Wall Jump, Serpent's Lash


You were in the Dungeon.
You worshipped Wu Jian.
Wu Jian was greatly pleased with you.
You visited 1 branch You collected 600 gold pieces.
You spent 553 gold pieces at shops.

Inventory:

Hand Weapons
 q - a +0 broad axe of protection (weapon)
Armour
 a - a +0 chain mail (worn)
 b - a +0 pair of gloves (worn)
 c - a +0 buckler (worn)
 e - a +0 cloak (worn)
Jewellery
 i - the amulet "Ymougeh" (around neck) {Acrobat Dex+4 Slay+5}
   (You bought it in a shop in the Dungeon)

   [amulet of the acrobat]

   It increases your evasion while moving and waiting.
   Dex:       It affects your dexterity (+4).
   Slay:      It affects your accuracy & damage with ranged weapons and melee
   (+5).
 o - the ring "Kuodo" (left hand) {rPois Dex+5}
   (You bought it in a shop in the Dungeon)

   [ring of poison resistance]

   Dex:       It affects your dexterity (+5).
   rPois:     It protects you from poison.
 p - the ring "Senaem" (right hand) {rN++ rCorr Str+6}
   (You bought it in a shop in the Dungeon)

   [ring of strength]

   Str:       It affects your strength (+6).
   rN:        It greatly protects you from negative energy.
   rCorr:     It protects you from acid and corrosion.
Wands
 l - a wand of light (6) (quivered)
 m - a wand of roots (5)
Scrolls
 j - a scroll of blinking
 n - 3 scrolls of fog
Potions
 g - 4 potions of haste
 h - 2 potions of magic
 k - a potion of resistance


   Skills:
 + Level 11.9 Fighting
 + Level 12.6 Axes
 + Level 10.9 Armour
 + Level 11.0 Shields


You had 7 spell levels left.
You didn't know any spells.
Your spell library was empty.

Dungeon Overview and Level Annotations

Branches:
Dungeon (1/1)

Altars:
Cheibriados
Dithmenos
Fedhas
Gozag
Kikubaaqudgha
Makhleb
Okawaru
Qazlal
Ru
Sif Muna
Trog
Uskayaw
Vehumet
Wu Jian
Xom
Yredelemnul
Zin
The Shining One
Beogh
Lugonu

Shops:
D *[??*?*:[((!!!!

Annotations:
D Aizul


Message History

Press: ? - help, Q - select action, (/) - cycle Shift-Dir - straight line, f - black mamba
Aim: a black mamba (53% to hit)
The bolt of light hits the black mamba!
The black mamba is lightly wounded.
The black mamba is blinded.
You feel sick.
Aiming: Bolt of Light
Press: ? - help, Q - select action, (/) - cycle Shift-Dir - straight line, f/p - black mamba
Aim: a black mamba (lightly wounded, blind, 53% to hit)
The bolt of light hits the black mamba!!
The black mamba is severely wounded.
The bolt of light misses Aizul.
You feel sick.
Aizul says, "I wasn't actually sleeping!"
Aiming: Bolt of Light
Press: ? - help, Q - select action, (/) - cycle Shift-Dir - straight line, f/p - black mamba
Aim: a black mamba (severely wounded, blind, 53% to hit)
The bolt of light misses the black mamba.
The bolt of light hits Aizul.
Aizul is lightly wounded.
Aizul is blinded.
You feel sick. The black mamba barely misses you.
Aizul coils herself and waves her upper body at you.
The bolt of poison hits the black mamba.
The bolt of poison hits you. You resist.
* * * LOW HITPOINT WARNING * * *
The black mamba bites you.
* * * LOW HITPOINT WARNING * * *
You completely miss the black mamba.
The black mamba is almost dead.
You feel sick. The black mamba bites you!
* * * LOW HITPOINT WARNING * * *
The naga mage gestures wildly while chanting.
The naga mage seems to speed up.
The black mamba barely misses you.
Unknown command.
Okay, then.
Blink to where?
Press: ? - help, Dir - move target, p - black mamba
As you read the scroll of blinking, it crumbles to dust.
You die...

.[........###......)[.....##
.......###...###.÷........⌠#
.......# #.<.# #..........⌠#
....S..###...###..........⌠#
..........###.............##
........8.# #.8........∩###
∩_........###......___∩##
#####.8.........8.######
#⌠..N.......@⌠#
###........[### #_......._#
#_......._# #_..S.....#
#∩.......∩# ##∩..SS.∩##
##....§## ##⌠⌠⌠##


You could see Aizul (blind), a guardian serpent and a black mamba (blind).

Vanquished Creatures
  A black mamba (D)
  Sigmund (D)
  Grum (D)
  An orc warrior (D)
  4 wolves (D)
  Blork the orc (D)
  6 vampire bats (D)
  An orc priest (D)
  A hound (D)
  Terence (D)
  Jessica (D)
  2 orcs (D)
  A quokka (D)
  A ball python (D)
  A kobold (D)
24 creatures vanquished.

Notes
Turn   | Place    | Note
-------+----------+-------------------------------------------
     0 | D        | BigDaddyOpFi the Hill Orc Fighter began the quest for the
                  | Orb.
     0 | D        | Reached XP level 1. HP: 19/19 MP: 1/1
     3 | D        | Found a roughly hewn altar of Beogh.
     3 | D        | Found a shimmering blue altar of Sif Muna.
     4 | D        | Found a shimmering altar of Xom.
     4 | D        | Found a bloodstained altar of Trog.
     5 | D        | Found a blossoming altar of Fedhas.
     5 | D        | Found a sacrificial altar of Ru.
     5 | D        | Round 1.
     6 | D        | Found Ibbonnadej's Identification Station.
     7 | D        | Found Datuosu's Jewellery.
     7 | D        | Found Gyommaet's Advanced Armour.
     9 | D        | Noticed Terence
     9 | D        | Noticed Sigmund
    18 | D        | Killed Terence
    19 | D        | Reached skill level 5 in Fighting
    19 | D        | Reached skill level 4 in Axes
    19 | D        | Reached XP level 2. HP: 29/29 MP: 2/2
    19 | D        | Reached XP level 3. HP: 36/36 MP: 3/3
    21 | D        | Killed Sigmund
    22 | D        | Reached skill level 7 in Axes
    22 | D        | Reached XP level 4. HP: 47/47 MP: 4/4
    22 | D        | Reached XP level 5. HP: 52/52 MP: 5/5
    38 | D        | Noticed Jessica
    44 | D        | Killed Jessica
    44 | D        | Arena points: 14 (+14) [x2]
    45 | D        | Reached skill level 8 in Axes
    54 | D        | Bought an ancient golden amulet for 45 gold pieces
    54 | D        | Identified the amulet "Ymougeh" {Acrobat Dex+4 Slay+5} (You
                  | bought it in a shop in the Dungeon)
    54 | D        | Bought a brightly glowing bronze ring for 45 gold pieces
    54 | D        | Identified the ring "Kuodo" {rPois Dex+5} (You bought it in
                  | a shop in the Dungeon)
    54 | D        | Bought a faintly glowing platinum ring for 45 gold pieces
    54 | D        | Identified the ring "Senaem" {rN++ rCorr Str+6} (You bought
                  | it in a shop in the Dungeon)
    79 | D        | Found a radiant altar of Vehumet.
    80 | D        | Found a corrupted altar of Lugonu.
    81 | D        | Found an ancient bone altar of Kikubaaqudgha.
    81 | D        | Found Xuiduiwomp's Premium Goods.
    83 | D        | Found a basalt altar of Yredelemnul.
    83 | D        | Found a hide-covered altar of Uskayaw.
    83 | D        | Found Exkua's Weapon Rack.
    83 | D        | Found Xadexaix's Miscellaneous Merchandise.
    83 | D        | Found Nalosacs's Basic Armour.
    87 | D        | Found a shadowy altar of Dithmenos.
    88 | D        | Found a burning altar of Makhleb.
    89 | D        | Found an ornate altar of the Wu Jian Council.
    90 | D        | Found Dujih's Do-It-Yourself Clinic.
    91 | D        | Found Zox Tuts's Bottled Wisdom.
    91 | D        | Found Owuon's Distillery.
    92 | D        | Found an opulent altar of Gozag.
    92 | D        | Found an iron altar of Okawaru.
    92 | D        | Found Obri's Distillery.
    98 | D        | Became a worshipper of the Wu Jian Council
   103 | D        | Found a glowing silver altar of Zin.
   103 | D        | Round 2.
   104 | D        | Noticed an orc warrior
   104 | D        | Found a stormy altar of Qazlal.
   105 | D        | Found a snail-covered altar of Cheibriados.
   107 | D        | Killed an orc warrior
   107 | D        | Noticed Blork the orc
   108 | D        | Reached XP level 6. HP: 62/62 MP: 6/6
   112 | D        | Reached * piety under Wu Jian
   113 | D        | Reached skill level 9 in Axes
   117 | D        | Killed Blork the orc
   117 | D        | Arena points: 50 (+36) [x3]
   134 | D        | Bought a +0 broad axe for 120 gold pieces
   186 | D        | Round 3.
   187 | D        | Noticed Grum
   204 | D        | Killed Grum
   204 | D        | Reached ** piety under Wu Jian
   205 | D        | Reached skill level 10 in Axes
   205 | D        | Reached XP level 7. HP: 67/71 MP: 7/7
   230 | D        | Reached skill level 10 in Fighting
   269 | D        | Reached skill level 11 in Axes
   272 | D        | Reached *** piety under Wu Jian
   276 | D        | Found Kutrig's Staff Store.
   280 | D        | Arena points: 134 (+84) [x4]
   281 | D        | Reached skill level 10 in Armour
   281 | D        | Reached skill level 10 in Shields
   281 | D        | Reached XP level 8. HP: 73/81 MP: 8/8
   281 | D        | Found a glowing golden altar of the Shining One.
   281 | D        | Found Xoasiv's Magic Scroll Shop.
   284 | D        | Found Gafoll's Must-Have Magic.
   284 | D        | Found Anoycei's Magic Scroll Shop.
   292 | D        | Bought a scroll of brand weapon for 95 gold pieces
   312 | D        | Round 4.
   366 | D        | Reached **** piety under Wu Jian
   423 | D        | Arena points: 274 (+140) [x5]
   440 | D        | Bought a scroll of brand weapon for 95 gold pieces
   462 | D        | Round 5.
   473 | D        | Bought a +0 pair of gloves for 54 gold pieces
   473 | D        | Bought a +0 cloak for 54 gold pieces
   503 | D        | Noticed a black mamba
   513 | D        | Killed a black mamba
   514 | D        | Reached skill level 12 in Axes
   526 | D        | Noticed Aizul
   533 | D        | Noticed a guardian serpent
   534 | D        | Noticed a black mamba
   535 | D        | Noticed a naga mage
   540 | D        | HP: 1/83 [black mamba (9)]
   541 | D        | Succumbed to Aizul's poison arrow

Illustrated notes

Levels and vault maps discovered:
D:        arena_sprint

Skill      XL: |  1  2  3  4  5  6  7  8 |
---------------+-------------------------+-----
Fighting       | 5 7 8 9 10 11 | 11.9
Axes           | 4 7 8 10 11 12 | 12.6
Armour         | 4 6 7 8 10 | 10.9
Shields        | 4 6 7 8 10 11 | 11.0

Action                     |  1- 3 |  4- 6 |  7- 9 || total
---------------------------+-------+-------+-------++-------
  Melee: War axe           |     9 |    14 |       ||    23
         Broad axe         |       |     9 |    35 ||    44
Ability: Whirlwind         |       |     2 |     2 ||     4
         Lunge             |       |     1 |     4 ||     5
  Evoke: Wand              |       |     1 |     4 ||     5
    Use: Potion            |     1 |     4 |     2 ||     7
         Scroll            |       |       |     5 ||     5
 Armour: Scale mail        |     3 |    11 |    10 ||    24
         Chain mail        |       |       |     2 ||     2
  Dodge: Dodged            |    11 |    13 |    18 ||    42
  Block: Buckler           |     3 |     1 |    18 ||    22

Table legend: (Time is in decaauts)
 A = Elapsed time spent in this place.
 B = Non-inter-level travel time spent in this place.
 C = Inter-level travel time spent in this place.
 D = Time resting spent in this place.
 E = Time spent auto-exploring this place.
 F = Levels seen in this place.
 G = Mean time per level.
                   A        B        C        D        E       F      G
               +--------+--------+--------+--------+--------+-----+--------+
         Total |    554 |    554 |      0 |    139 |     67 |   1 |  554.0 |
       Dungeon |    554 |    554 |      0 |    139 |     67 |   1 |  554.0 |
               +--------+--------+--------+--------+--------+-----+--------+

Top non-repeatable levels by time:
       D: 554 daAuts
